 Dungeon Crawl Stone Soup version 0.29.1-13-g9f3cf754e1 (webtiles) character file.

Game seed: 16687654762511184769

24902 MacCMillion the Merchant of Misery (level 13, -12/117 HPs)
             Began as a Naga Venom Mage on Feb 10, 2023.
             Was a Believer of Kikubaaqudgha.
             Mangled by a death yak (19 damage)
             ... on level 3 of the Lair of Beasts.
             The game lasted 01:12:24 (27023 turns).

MacCMillion the Merchant of Misery (NaVM)          Turns: 27023, Time: 01:12:24

Health: -12/117    AC: 16    Str: 10    XL:     13   Next: 16%
Magic:  10/25      EV: 13    Int: 22    God:    Kikubaaqudgha [**....]
Gold:   792        SH:  0    Dex: 17    Spells: 4/28 levels left

rFire   + . .      SeeInvis +   o - +0 glaive (flame)
rCold   . . .      Faith    .   (shield currently unavailable)
rNeg    . . .      Spirit   .   n - +3 leather armour {rF+}
rPois   +          Reflect  .   x - +0 helmet
rElec   .          Harm     .   y - +0 cloak
rCorr   .          Rampage  .   (no gloves)
Will    +....                   Y - +2 barding
Stlth   ++++......              E - amulet of magic regeneration
HPRegen 0.29/turn               C - +4 ring of evasion
MPRegen 0.59/turn               v - +6 ring of dexterity

@: animating dead, very slow
A: AC +4, large, see invisible, deformed body, poison resistance, slowness 2,
spit poison 1, naga tail 2
a: Spit Poison, Renounce Religion, Unearth Wretches


You were on level 3 of the Lair of Beasts.
You worshipped Kikubaaqudgha.
Kikubaaqudgha was pleased with you.
You visited 3 branches of the dungeon, and saw 15 of its levels.
You also visited: Volcano.

You collected 792 gold pieces.

Inventory:

Hand Weapons
 o - a +0 glaive of flaming (weapon)
 p - a +3 dagger
 M - a -1 demon whip of venom
 T - a +2 whip of flaming
Missiles
 W - 2 throwing nets
Armour
 d - a +2 robe of positive energy
 n - a +3 leather armour of fire resistance (worn)
 x - a +0 helmet (worn)
 y - a +0 cloak (worn)
 z - the +0 ring mail "Corihafy" {Rampage Str+4 Stlth+}
   (You found it on level 4 of the Dungeon)

   Str:       It affects your strength (+4).
   Rampage:   It bestows one free step when moving towards enemies.
   Stlth:     It makes you more stealthy.
 Y - a +2 barding (worn)
Jewellery
 s - an amulet of the acrobat
 t - a ring of resist corrosion
 v - a +6 ring of dexterity (right hand)
 A - an amulet of faith
 C - a +4 ring of evasion (left hand)
 E - an amulet of magic regeneration (around neck)
 Q - a ring of wizardry
Wands
 a - a wand of digging (6)
 e - a wand of iceblast (3)
 L - a wand of light (5)
 X - a wand of charming (6)
Scrolls
 g - a scroll of blinking
 h - 2 scrolls of vulnerability
 k - 2 scrolls of acquirement {unknown}
 m - 2 scrolls of teleportation
 r - 3 scrolls of immolation
 w - 2 scrolls of butterflies {unknown}
 D - 2 scrolls of silence {unknown}
 G - a scroll of enchant armour
 I - 2 scrolls of poison {unknown}
 J - 2 scrolls of noise {unknown}
 N - 3 scrolls of enchant weapon {unknown}
 P - a scroll of magic mapping {unknown}
 R - a scroll of brand weapon {unknown}
 S - 2 scrolls of amnesia {unknown}
 U - a scroll of torment {unknown}
Potions
 b - 4 potions of magic
 c - 3 potions of attraction
 f - a potion of berserk rage
 i - 5 potions of curing
 j - 2 potions of mutation
 l - 2 potions of heal wounds
 q - 3 potions of resistance {unknown}
 u - 2 potions of flight {unknown}
 B - 2 potions of brilliance
 F - 2 potions of invisibility {unknown}
 H - 3 potions of might {unknown}
 K - a potion of cancellation {unknown}
 O - a potion of lignification {unknown}
 Z - a potion of haste {unknown}
Miscellaneous
 V - a box of beasts


   Skills:
 - Level 8.0 Fighting
 - Level 6.0 Maces & Flails
 - Level 4.0 Dodging
 - Level 8.0 Stealth
 - Level 8.0 Spellcasting
 - Level 4.0 Conjurations
 + Level 13.7 Necromancy
 - Level 1.0 Transmutations
 - Level 4.0 Air Magic
 - Level 10.0 Poison Magic


You had 4 spell levels left.
You knew the following spells:

 Your Spells              Type           Power      Damage    Failure   Level
a - Sting                 Tmut/Pois      100%       1d8       1%          1
b - Poisonous Vapours     Pois/Air       78%        N/A       1%          2
c - Mephitic Cloud        Conj/Pois/Air  35%        N/A       2%          3
d - Olgreb's Toxic Radia  Pois           51%        N/A       1%          4
e - Animate Dead          Necr           62%        N/A       1%          4
f - Dispel Undead         Necr           62%        3d22      1%          4
g - Death Channel         Necr           31%        N/A       5%          6

Your spell library contained the following spells:

 Spells                   Type           Power      Damage    Failure   Level
 Necrotise                Necr           100%       1d9       1%          1
 Vampiric Draining        Necr           62%        2d10      1%          3
 Corpse Rot               Necr/Pois/Air  49%        N/A       2%          4
 Spider Form              Tmut/Pois      33%        N/A       3%          3
 Swiftness                Air            26%        N/A       6%          3
 Anguish                  Hex/Necr       19%        N/A       6%          4
 Summon Small Mammal      Summ           32%        N/A       10%         1
 Passwall                 Tmut/Erth      9%         N/A       12%         2
 Ensorcelled Hibernation  Hex/Ice        16%        N/A       16%         2
 Call Canine Familiar     Summ           8%         N/A       30%         3
 Summon Guardian Golem    Hex/Summ       8%         N/A       30%         3


Dungeon Overview and Level Annotations

Branches:
Dungeon (11/15)            Temple (1/1) D:7            Lair (3/5) D:9
  Swamp (0/4) Lair:2       Spider (0/4) Lair:2          Orc (0/2) D:11
Volcano (visited)

Altars:
Ashenzari
Cheibriados
Dithmenos
Elyvilon
Fedhas
Gozag
Hepliaklqana
Kikubaaqudgha
Makhleb
Nemelex Xobeh
Okawaru
Qazlal
Ru
Sif Muna
Trog
Uskayaw
Vehumet
Wu Jian
Xom
Yredelemnul
Zin
The Shining One

Shops:
D:1 :   D:5 !

Annotations:
D:4 Grinder
D:5 exclusion: oklob plant
D:7 1 runed translucent door, Crazy Yiuf
D:10 3 runed translucent doors, Oxelix's ghost, novice MiFi
D:11 exclusion: cyclops


Innate Abilities, Weirdness & Mutations

Your serpentine skin is tough. (AC +4)
You have supernaturally acute eyesight. (SInv)
Armour fits poorly on your strangely shaped body.
Your system is resistant to poisons. (rPois)
You cover ground very slowly.
You can spit poison.
You can use your snake-like lower body to constrict enemies.


Message History

Confirm with . or Enter, or press ? or * to list all spells.
You begin to radiate toxic energy.
The death yak looks as sick as possible!
The death yak looks even sicker.
The death yak looks as sick as possible!
The death yak looks even sicker.
Unknown command.
The death yak looks as sick as possible!
Casting: Olgreb's Toxic Radiance (mildly dangerous; 1% risk of failure)
Confirm with . or Enter, or press ? or * to list all spells.
Your toxic radiance grows in intensity.
The death yak looks as sick as possible! x3
You kill the death yak!
Kikubaaqudgha accepts your kill.
The dead are walking!
Unknown command.
Casting: Olgreb's Toxic Radiance (mildly dangerous; 1% risk of failure)
Confirm with . or Enter, or press ? or * to list all spells.
Aiming: Mephitic Cloud (mildly dangerous; 2% risk of failure)
Press: ? - help, Shift-Dir - straight line, f - death yak
Aim: a death yak (almost dead, very poisoned, chance to affect: 34%)
The ball explodes into a vile cloud!
The stinking cloud engulfs the death yak but does no damage.
The death yak is almost dead.
The stinking cloud engulfs you but does no damage.
The death yak is engulfed in noxious fumes.
The death yak appears confused.
The death yak gores you but does no damage.
Unknown command.
The death yak looks as sick as possible!
Your toxic aura wanes.
The death yak is engulfed in noxious fumes. x2
Your death yak zombie gores the death yak!
The death yak dies!
Kikubaaqudgha accepts your kill.
The dead are walking!
The death yak is engulfed in noxious fumes.
The death yak gores you!!
You die...
Kikubaaqudgha rasps: "You have failed me!
Welcome... death!"

.....# .##......P#...#.....#
...... #......###...###..#
....## ##.....## ..## #....
##......##...# #...#
#............# ## #...####
##......#####. .[#
#.<.##.###.#......# #.####.##
#.........<...<..####...#...#
#..............@...........P#
#...............Y☼☼Z.......##
#.................○ZZ........#
........##.#.....○§○Z.......##
.......#.#.#................#
............#...............##
......PP........####+#.......#
...........#....# #..###....#
##...##...# #..##.#....#


You could see a death yak (confused, very poisoned, ally target) and 4 friendly
death yak zombies.

Vanquished Creatures
  2 hydras (Lair:2)
  3 death yaks (Lair:3)
  4 two-headed ogres
  Amaemon (D:8)
  Pikel (D:7)
  An ugly thing (D:11)
  A salamander (Volcano)
  Maurice (D:10)
  A black mamba (Lair:1)
  An elephant (Lair:2)
  A torpor snail (Lair:2)
  An orange demon (D:8)
  A smoke demon (Volcano)
  An unseen horror (D:7)
  2 cane toads
  A rime drake (Lair:1)
  4 komodo dragons
  A troll (D:9)
  Prince Ribbit (D:8)
  5 blink frogs
  A dream sheep (Lair:2)
  A wraith (D:10)
  A shadow (D:10)
  A spriggan (D:9)
  5 wyverns
  11 yaks
  A basilisk (Lair:2)
  5 water moccasins
  3 hell hounds (Volcano)
  4 orc warriors
  An ice beast (D:7)
  3 black bears
  2 sky beasts
  13 wolves (Lair:1)
  4 centaurs
  An ogre (D:5)
  A phantom (D:6)
  3 lemures (D:7)
  12 bullfrogs
  A kobold brigand (D:7)
  4 scorpions
  2 wights (D:10)
  9 killer bees (D:8)
  An electric eel (Lair:2)
  A howler monkey (D:9)
  2 wolf zombies (Lair:1)
  5 orc priests
  A jelly (D:5)
  2 gnoll boudas
  6 hounds
  An iron imp (D:6)
  Jessica (D:3)
  An iguana (D:4)
  7 orc wizards
  2 human simulacra (D:10)
  Robin (D:3)
  12 gnolls
  6 adders
  A shadow imp (D:6)
  A white imp (D:7)
  2 worms
  35 orcs
  7 ball pythons
  8 endoplasms
  7 giant cockroaches
  15 goblins
  11 hobgoblins
  4 jackals (D:3)
  11 kobolds
  A quokka (D:5)
  5 bats
  6 frilled lizards
  5 rats
291 creatures vanquished.

Vanquished Creatures (collateral kills)
  A hydra (Lair:2)
  A death yak (Lair:3)
  A bog body (Lair:2)
  An ugly thing (Volcano)
  A black mamba (Lair:2)
  3 cane toads
  A rime drake (Lair:1)
  A blink frog (Lair:3)
  5 yaks
  A water moccasin (Lair:2)
  A black bear (Lair:2)
  5 wolves (Lair:1)
  2 bullfrogs (Lair:2)
  A scorpion (Lair:2)
  2 worms (Lair:2)
27 creatures vanquished.

Vanquished Creatures (others)
  An ugly thing zombie (Volcano)
  A lindwurm (Volcano)
  A hydra zombie (Lair:2)
  2 blink frog zombies (Lair:3)
  A lindwurm zombie (Volcano)
  A komodo dragon zombie (D:11)
  A salamander zombie (Volcano)
  3 wights (D:10)
  4 yak zombies (Lair:2)
  7 wolf zombies (Lair:1)
  4 bullfrog zombies
  A black bear zombie (Lair:2)
  3 bushes (Lair:3)
  82 fungi
  118 plants
  10 toadstools (D:5)
240 creatures vanquished.

Grand Total: 558 creatures vanquished

Notes
Turn   | Place    | Note
-------+----------+-------------------------------------------
     0 | D:1      | MacCMillion the Naga Venom Mage began the quest for the
                  | Orb.
     0 | D:1      | Reached XP level 1. HP: 15/15 MP: 3/3
   201 | D:1      | Reached XP level 2. HP: 22/22 MP: 0/5
   258 | D:1      | Found a faded altar of an unknown god.
   410 | D:1      | Reached skill level 5 in Poison Magic
   947 | D:1      | Reached XP level 3. HP: 25/28 MP: 4/6
  1091 | D:1      | Found Voysuvvo's Book Emporium.
  1780 | D:2      | Learned a level 2 spell: Poisonous Vapours
  1784 | D:2      | Learned a level 3 spell: Mephitic Cloud
  1885 | D:2      | Found an opulent altar of Gozag.
  2088 | D:2      | Reached skill level 1 in Air Magic
  2088 | D:2      | Reached XP level 4. HP: 21/36 MP: 1/7
  2461 | D:3      | Noticed Robin
  2635 | D:3      | Noticed Jessica
  2640 | D:3      | Killed Jessica
  2858 | D:3      | Reached XP level 5. HP: 11/42 MP: 2/8
  4397 | D:3      | Killed Robin
  4398 | D:3      | Reached skill level 1 in Conjurations
  4990 | D:4      | Found a hide-covered altar of Uskayaw.
  5020 | D:4      | Identified the +0 ring mail "Corihafy" {Rampage Str+4
                  | Stlth+}
  5062 | D:4      | Noticed Grinder
  5240 | D:4      | Noticed a black bear
  5438 | D:4      | Reached XP level 6. HP: 49/49 MP: 5/9
  6241 | D:4      | Killed a black bear
  6242 | D:4      | Reached XP level 7. HP: 47/55 MP: 1/10
  6358 | D:4      | Paralysed by Grinder for 2 turns
  6612 | D:4      | Found a bloodstained altar of Trog.
  6918 | D:5      | Entered Level 5 of the Dungeon
  7852 | D:5      | Found Velic's Distillery.
  8132 | D:5      | Found a blossoming altar of Fedhas.
  8151 | D:5      | Noticed an oklob plant
  8367 | D:6      | Reached skill level 1 in Fighting
  8680 | D:6      | Reached XP level 8. HP: 62/66 MP: 2/14
  9045 | D:6      | Reached skill level 5 in Stealth
  9475 | D:6      | Found a white marble altar of Elyvilon.
  9603 | D:6      | You fall into a shaft and drop 1 floor!
 10106 | D:7      | Found a runed translucent door.
 10107 | D:7      | Noticed Crazy Yiuf
 10173 | D:7      | Noticed Pikel
 10190 | D:7      | Found a staircase to the Ecumenical Temple.
 10199 | Temple   | Entered the Ecumenical Temple
 10239 | Temple   | Became a worshipper of Kikubaaqudgha
 10357 | D:7      | Noticed an unseen horror
 10811 | D:6      | Found a burning altar of Makhleb.
 11468 | D:7      | Reached XP level 9. HP: 41/78 MP: 15/15
 11579 | D:7      | Killed an unseen horror
 11580 | D:7      | Reached skill level 5 in Fighting
 11814 | D:7      | Found a broken altar of Ashenzari.
 11997 | D:7      | Killed Pikel
 13378 | D:8      | Learned a level 4 spell: Olgreb's Toxic Radiance
 13910 | D:8      | Noticed Prince Ribbit
 13926 | D:8      | Killed Prince Ribbit
 13934 | D:8      | Noticed Amaemon
 13938 | D:8      | Noticed an orange demon
 14252 | D:8      | Killed an orange demon
 14253 | D:8      | Reached XP level 10. HP: 96/96 MP: 3/16
 14271 | D:8      | Killed Amaemon
 14272 | D:8      | Reached skill level 10 in Poison Magic
 14272 | D:8      | Reached skill level 1 in Necromancy
 14793 | D:8      | Reached skill level 2 in Necromancy
 14794 | D:8      | Reached skill level 1 in Maces & Flails
 14803 | D:8      | Reached skill level 3 in Necromancy
 15907 | D:8      | Reached skill level 4 in Necromancy
 16446 | D:9      | Found a hazy altar of Hepliaklqana.
 16538 | D:9      | Reached skill level 5 in Necromancy
 16628 | D:9      | Reached * piety under Kikubaaqudgha
 16628 | D:9      | Received a gift from Kikubaaqudgha
 16680 | D:9      | Reached skill level 5 in Maces & Flails
 16682 | D:9      | Reached XP level 11. HP: 75/103 MP: 15/17
 16917 | D:9      | Reached skill level 6 in Necromancy
 17221 | D:9      | Noticed a two-headed ogre
 17234 | D:9      | Killed a two-headed ogre
 17359 | D:9      | Learned a level 4 spell: Animate Dead
 17363 | D:9      | Found a staircase to the Lair.
 17744 | D:10     | Entered Level 10 of the Dungeon
 17753 | D:10     | Reached skill level 7 in Necromancy
 17803 | D:10     | Found a runed translucent gate.
 17804 | D:10     | Found a runed translucent gate.
 17805 | D:10     | Found a runed translucent gate.
 17806 | D:10     | Noticed Oxelix's ghost (novice MiFi)
 17874 | D:10     | Found a sacrificial altar of Ru.
 18503 | D:10     | Noticed Maurice
 18507 | D:10     | Noticed a two-headed ogre
 18514 | D:10     | Killed Maurice
 18530 | D:10     | Killed a two-headed ogre
 18531 | D:10     | Reached skill level 8 in Necromancy
 19938 | D:10     | Noticed a two-headed ogre
 20230 | D:10     | Learned a level 4 spell: Dispel Undead
 20446 | D:10     | Killed a two-headed ogre
 21102 | D:10     | Found a sacrificial altar of Ru.
 21689 | D:11     | Noticed a cyan ugly thing
 21783 | D:11     | Noticed a two-headed ogre
 21807 | D:11     | Killed a cyan ugly thing
 21808 | D:11     | Reached skill level 9 in Necromancy
 21809 | D:11     | Killed a two-headed ogre
 22353 | D:11     | Noticed a cyclops
 22426 | D:11     | Found a staircase to the Orcish Mines.
 22644 | D:11     | Noticed a cyclops
 22649 | D:11     | Reached skill level 10 in Necromancy
 22889 | Lair:1   | Entered Level 1 of the Lair of Beasts
 23167 | Lair:1   | Found a dark tunnel.
 23174 | Volcano  | Entered a volcano
 23364 | Volcano  | Noticed a red ugly thing
 23376 | Volcano  | Killed a red ugly thing
 23377 | Volcano  | Reached XP level 12. HP: 66/110 MP: 12/18
 23556 | Volcano  | Reached skill level 11 in Necromancy
 24280 | Lair:1   | Reached skill level 5 in Spellcasting
 24768 | Lair:2   | Found a hole to the Spider Nest.
 24800 | Lair:2   | Found a staircase to the Swamp.
 24936 | Lair:2   | Reached ** piety under Kikubaaqudgha
 25774 | Lair:2   | Noticed a five-headed hydra
 25786 | Lair:2   | Killed a one-headed hydra
 25787 | Lair:2   | Reached skill level 12 in Necromancy
 25792 | Lair:2   | Noticed a seven-headed hydra
 26284 | Lair:2   | Noticed a seven-headed hydra
 26290 | Lair:2   | Killed a five-headed hydra
 26318 | Lair:2   | Killed a one-headed hydra
 26836 | Lair:3   | Learned a level 6 spell: Death Channel
 26900 | Lair:3   | Noticed a death yak
 26900 | Lair:3   | Noticed a death yak
 26900 | Lair:3   | Noticed a death yak
 26900 | Lair:3   | Noticed a death yak
 26939 | Lair:3   | Gained mutation: You can use your snake-like lower body to
                  | constrict enemies. [Naga growth]
 26939 | Lair:3   | Reached XP level 13. HP: 116/117 MP: 17/25
 26942 | Lair:3   | Reached skill level 13 in Necromancy
 27013 | Lair:3   | HP: 4/117 [death yak (14)]
 27023 | Lair:3   | Mangled by a death yak

Illustrated notes

Levels and vault maps discovered:
D:1:      dpeg_arrival_morbid_curiosity, layout_basic, serial_shops,
          nicolae_square_shop, shapermc_ecumenical_altar_acropolis
D:2:      layout_basic, basic_altar
D:3:      layout_basic, minmay_quadrilaterals, uniq_robin, uniq_jessica
D:4:      layout_basic, old_standard_altar, mainiacjoe_overflow_brackets,
          grunt_decor_mini_mirrors, minmay_starry_boxes, uniq_grinder
D:5:      layout_loops_corners, tgw_fedhas, serial_shops,
          nicolae_inconvenience_store
D:6:      layout_rooms, makhleb_grotto_becter, old_standard_altar
D:7:      layout_cave_pools, marbit_many_paths,
          minmay_temple_entry_gardened_gates, uniq_crazy_yiuf_cottage,
          uniq_pikel
D:8:      layout_cave_pods, hangedman_abyss_or_decor_stabs, uniq_amaemon,
          uniq_prince_ribbit1
D:9:      layout_long_grid, lemuel_coloured_pillars_altar,
          due_lair_maze_entry_diamond, chequers_jeans, the_hattery
D:10:     layout_cave_pods, old_standard_altar, gammafunk_ghost_necromancy,
          minmay_misc_feat_columns, chequers_serial_rivers_micro_a,
          hangedman_decor_growths, bh_circular_ruins, uniq_maurice
D:11:     layout_loops_corners, david_orc_3
Temple:   nicolae_temple_superstar
Lair:1:   layout_regular_city, enter_volcano_2
Lair:2:   layout_regular_city, skrybe_swamp_entry_bodies,
          nicolae_spider_entry_non_spiders, beast_lair_carwin_3,
          wad_woods_river_01, lemuel_fruit_fields, serial_bayou_shore_b,
          serial_bayou_shore_b
Lair:3:   layout_regular_city, gammafunk_ghost_cemetery, serial_bayou_shore_a

Skill      XL: |  1  2  3  4  5  6  7  8  9 10 11 12 13 |
---------------+----------------------------------------+-----
Poison Magic   | 5 6 9 10 | 10.0
Air Magic      | 1 3 4 |  4.0
Conjurations   | 1 4 |  4.0
Spellcasting   | 4 8 |  8.0
Fighting       | 1 4 8 |  8.0
Dodging        | 2 4 |  4.0
Stealth        | 4 7 8 |  8.0
Necromancy     | 5 10 12 13 | 13.7
Maces & Flails | 5 6 |  6.0
Transmutations | |  1.0

Action                   |  1- 3 |  4- 6 |  7- 9 | 10-12 | 13-15 || total
-------------------------+-------+-------+-------+-------+-------++-------
Melee: Short sword       |     9 |       |       |       |       ||     9
       Unarmed           |     1 |       |       |       |       ||     1
       Dagger            |       |    51 |   172 |   186 |       ||   409
       Punch             |       |       |     2 |     6 |       ||     8
       Demon whip        |       |       |       |   106 |       ||   106
       Glaive            |       |       |       |   118 |     7 ||   125
       Constrict         |       |       |       |       |     1 ||     1
Throw: Dart              |       |       |     1 |       |       ||     1
 Cast: Sting             |    69 |    94 |   147 |    32 |       ||   342
       Poisonous Vapours |     1 |    24 |    61 |    44 |       ||   130
       Mephitic Cloud    |       |     1 |    14 |    25 |     1 ||    41
       Olgreb's Toxic Ra |       |       |       |    59 |     7 ||    66
       Animate Dead      |       |       |       |    15 |     1 ||    16
       Dispel Undead     |       |       |       |     3 |       ||     3
Invok: Unearth Wretches  |       |       |       |     2 |       ||     2
Evoke: Wand              |       |       |       |     2 |       ||     2
  Use: Scroll            |       |       |    10 |     4 |     2 ||    16
 Stab: Confused          |       |       |     5 |     9 |       ||    14
       Sleeping          |       |       |     1 |     4 |       ||     5
       Paralysed         |       |       |       |     2 |       ||     2
       Distracted        |       |       |       |     5 |       ||     5
       Invisible         |       |       |       |     1 |       ||     1
Armor: Robe              |     8 |    46 |    66 |    72 |       ||   192
       Leather armour    |       |       |       |    96 |     8 ||   104
Dodge: Dodged            |    21 |    56 |   206 |   339 |    11 ||   633
